% Time on Ice - BANFF WOLVES
Lines # - Real PCT - Wanted PCT - Time Play
Normal Forward
1 - 27% - 36% - 11:18
2 - 28% - 31% - 11:34
3 - 30% - 23% - 12:29
4 - 14% - 10% - 5:53
Normal Defense
1 - 31% - 36% - 12:59
2 - 33% - 31% - 13:43
3 - 32% - 23% - 13:12
4 - 3% - 10% - 1:20
PP Forward
1 - 60% - 55% - 2:48
2 - 40% - 45% - 1:54
PP Defense
1 - 60% - 55% - 2:48
2 - 40% - 45% - 1:54
PK Forward
1 - 55% - 55% - 7:36
2 - 45% - 45% - 6:17
PK Defense
1 - 56% - 55% - 7:44
2 - 44% - 45% - 6:09
PK3 Forward
1 - 0% - 55%
2 - 0% - 45%
PK3 Defense
1 - 0% - 55%
2 - 0% - 45%
44 Forward
1 - 0% - 55%
2 - 0% - 45%
44 Defense
1 - 0% - 55%
2 - 0% - 45%
Last Minute Offensive  - 0:11
Last Minute Defensive  - 0:00
Total
Forward - 60:00
Defense - 60:00
% Time on Ice - SAN FRANCISCO SPIDERS
Lines # - Real PCT - Wanted PCT - Time Play
Normal Forward
1 - 22% - 25% - 9:01
2 - 25% - 25% - 10:25
3 - 28% - 25% - 11:23
4 - 25% - 25% - 10:25
Normal Defense
1 - 38% - 36% - 15:30
2 - 33% - 31% - 13:39
3 - 27% - 23% - 11:20
4 - 2% - 10% - 0:45
PP Forward
1 - 52% - 55% - 7:15
2 - 48% - 45% - 6:38
PP Defense
1 - 51% - 55% - 7:06
2 - 49% - 45% - 6:47
PK Forward
1 - 67% - 55% - 3:10
2 - 33% - 45% - 1:32
PK Defense
1 - 37% - 55% - 1:45
2 - 63% - 45% - 2:57
PK3 Forward
1 - 0% - 55%
2 - 0% - 45%
PK3 Defense
1 - 0% - 55%
2 - 0% - 45%
44 Forward
1 - 0% - 55%
2 - 0% - 45%
44 Defense
1 - 0% - 55%
2 - 0% - 45%
Last Minute Offensive  - 0:00
Last Minute Defensive  - 0:11
Total
Forward - 60:00
Defense - 60:00
Play-by-Play 1st period 0:01 of 1st period - Ryan Getzlaf wins face-off versus Markus Granlund in neutral zone. 0:10 of 1st period - Minor Penalty to Roope Hintz for High sticking. 0:11 of 1st period - Markus Granlund wins face-off versus Danton Heinen in BANFF WOLVES zone. 0:11 of 1st period - Markus Granlund is hit by Danton Heinen. 0:45 of 1st period - Shot by Magnus Paajarvi-Svensson. 0:45 of 1st period - Stopped by Pavel Francouz without a rebound. 0:46 of 1st period - Ryan Getzlaf wins face-off versus Markus Granlund in BANFF WOLVES zone. 0:51 of 1st period - Shot by Ryan Getzlaf. 0:51 of 1st period - Shot Misses the Net. 0:53 of 1st period - Shot by Andrei Svechnikov. 0:53 of 1st period - Shot Blocked by Alex Biega. 0:55 of 1st period - Shot by Ryan Getzlaf. 0:55 of 1st period - Shot Hit the Post. 1:43 of 1st period - Shot by Tyler Myers. 1:43 of 1st period - Shot Misses the Net. 1:45 of 1st period - Shot by Tyler Myers. 1:45 of 1st period - Stopped by Pavel Francouz without a rebound. 1:46 of 1st period - Tyler Toffoli wins face-off versus Danton Heinen in BANFF WOLVES zone. 2:10 of 1st period - Shot by Danton Heinen. 2:10 of 1st period - Shot Misses the Net. 2:23 of 1st period - Josh Archibald is hit by Alex Breton and loses puck. 3:12 of 1st period - Minor Penalty to Alex Breton for Tripping. 3:13 of 1st period - Mark Jankowski wins face-off versus Ryan Getzlaf in SAN FRANCISCO SPIDERS zone. 3:14 of 1st period - Shot by Tyler Toffoli. 3:14 of 1st period - Goal by Tyler Toffoli - BANFF WOLVES : 1 - SAN FRANCISCO SPIDERS : 0. 3:15 of 1st period - Tyler Toffoli wins face-off versus Danton Heinen in neutral zone. 3:48 of 1st period - Off-side. 3:49 of 1st period - Nico Sturm wins face-off versus Roope Hintz in neutral zone. 4:05 of 1st period - Icing by Markus Granlund. 4:06 of 1st period - Ryan Getzlaf wins face-off versus Roope Hintz in BANFF WOLVES zone. 4:22 of 1st period - Icing by Tyler Myers. 4:23 of 1st period - Mark Jankowski wins face-off versus Ryan Getzlaf in SAN FRANCISCO SPIDERS zone. 4:24 of 1st period - Shot by Tyler Toffoli. 4:24 of 1st period - Stopped by Antti Niemi without a rebound. 4:25 of 1st period - Nico Sturm wins face-off versus Mark Jankowski in SAN FRANCISCO SPIDERS zone. 4:25 of 1st period - Nico Sturm is hit by Miles Wood. 4:26 of 1st period - Minor Penalty to Miles Wood for Hooking. 4:27 of 1st period - Ryan Getzlaf wins face-off versus Tyler Toffoli in BANFF WOLVES zone. 4:40 of 1st period - Shot by Andrei Svechnikov. 4:40 of 1st period - Deflect By Ryan Getzlaf. 4:40 of 1st period - Shot Misses the Net. 4:49 of 1st period - Shot by Andrei Svechnikov. 4:49 of 1st period - Shot Misses the Net. 5:08 of 1st period - Shot by Andrei Svechnikov. 5:08 of 1st period - Stopped by Pavel Francouz without a rebound. 5:09 of 1st period - Markus Granlund wins face-off versus Danton Heinen in BANFF WOLVES zone. 5:49 of 1st period - Shot by Tyler Myers. 5:49 of 1st period - Stopped by Pavel Francouz without a rebound. 5:50 of 1st period - Ryan Getzlaf wins face-off versus Mark Jankowski in BANFF WOLVES zone. 6:05 of 1st period - Shot by Calle Jarnkrok. 6:05 of 1st period - Shot Misses the Net. 6:07 of 1st period - Shot by Ryan Getzlaf. 6:07 of 1st period - Shot Blocked by Nikita Zaitsev. 6:19 of 1st period - Shot by Andrei Svechnikov. 6:19 of 1st period - Stopped by Pavel Francouz without a rebound. 6:20 of 1st period - Danton Heinen wins face-off versus Markus Granlund in BANFF WOLVES zone. 7:52 of 1st period - Shot by Markus Granlund. 7:52 of 1st period - Stopped by Antti Niemi without a rebound. 7:53 of 1st period - Mark Jankowski wins face-off versus Danton Heinen in SAN FRANCISCO SPIDERS zone. 8:07 of 1st period - Shot by Tyler Toffoli. 8:07 of 1st period - Stopped by Antti Niemi without a rebound. 8:08 of 1st period - Ryan Getzlaf wins face-off versus Tanner Kero in SAN FRANCISCO SPIDERS zone. 8:16 of 1st period - Ryan Getzlaf is hit by Josh Teves and loses puck. 8:41 of 1st period - Ryan Getzlaf is hit by Max McCormick. 8:48 of 1st period - Off-side. 8:49 of 1st period - Danton Heinen wins face-off versus Mark Jankowski in neutral zone. 8:56 of 1st period - Shot by Danton Heinen. 8:56 of 1st period - Stopped by Pavel Francouz without a rebound. 8:57 of 1st period - Nico Sturm wins face-off versus Roope Hintz in BANFF WOLVES zone. 10:15 of 1st period - Shot by Magnus Paajarvi-Svensson. 10:15 of 1st period - Shot Misses the Net. 10:26 of 1st period - Icing by Magnus Paajarvi-Svensson. 10:27 of 1st period - Danton Heinen wins face-off versus Josh Archibald in SAN FRANCISCO SPIDERS zone. 10:27 of 1st period - Danton Heinen is hit by Josh Archibald. 10:30 of 1st period - Dominik Simon is hit by John Hayden and loses puck. 10:34 of 1st period - Minor Penalty to Josh Teves for Diving. 10:35 of 1st period - Ryan Getzlaf wins face-off versus Markus Granlund in BANFF WOLVES zone. 10:59 of 1st period - Off-side. 11:00 of 1st period - Tyler Toffoli wins face-off versus Danton Heinen in neutral zone. 11:49 of 1st period - Off-side. 11:50 of 1st period - Ryan Getzlaf wins face-off versus Markus Granlund in neutral zone. 12:36 of 1st period - Shot by Craig Smith. 12:36 of 1st period - Shot Misses the Net. 12:42 of 1st period - Shot by Tyler Ennis. 12:42 of 1st period - Stopped by Antti Niemi without a rebound. 12:43 of 1st period - Mark Letestu wins face-off versus Nico Sturm in SAN FRANCISCO SPIDERS zone. 13:05 of 1st period - Nico Sturm is hit by Max McCormick and loses puck. 13:34 of 1st period - Shot by Tyler Ennis. 13:34 of 1st period - Deflect By Josh Archibald. 13:34 of 1st period - Stopped by Antti Niemi without a rebound. 13:35 of 1st period - Roope Hintz wins face-off versus Ryan Getzlaf in SAN FRANCISCO SPIDERS zone. 13:38 of 1st period - Shot by Craig Smith. 13:38 of 1st period - Stopped by Antti Niemi with a rebound. 14:08 of 1st period - Craig Smith is hit by Tyler Wotherspoon and loses puck. 14:52 of 1st period - Shot by Tyler Toffoli. 14:52 of 1st period - Stopped by Antti Niemi without a rebound. 14:53 of 1st period - Tomas Plekanec wins face-off versus Josh Archibald in SAN FRANCISCO SPIDERS zone. 14:59 of 1st period - Josh Leivo is hit by John Hayden and loses puck. 15:55 of 1st period - Shot by Craig Smith. 15:55 of 1st period - Shot Misses the Net. 15:57 of 1st period - Shot by Roope Hintz. 15:57 of 1st period - Deflect By Craig Smith. 15:57 of 1st period - Stopped by Antti Niemi without a rebound. 15:58 of 1st period - Dominik Simon wins face-off versus Miles Wood in SAN FRANCISCO SPIDERS zone. 15:58 of 1st period - Dominik Simon is hit by Miles Wood. 16:24 of 1st period - Shot by Magnus Paajarvi-Svensson. 16:24 of 1st period - Shot Misses the Net. 16:36 of 1st period - Shot by Dominik Simon. 16:36 of 1st period - Shot Misses the Net. 16:45 of 1st period - Icing by Taylor Fedun. 16:46 of 1st period - Ryan Getzlaf wins face-off versus Mark Jankowski in BANFF WOLVES zone. 16:47 of 1st period - Shot by Andrei Svechnikov. 16:47 of 1st period - Shot Misses the Net. 16:49 of 1st period - Shot by Calle Jarnkrok. 16:49 of 1st period - Shot Hit the Post. 16:51 of 1st period - Shot by Andrei Svechnikov. 16:51 of 1st period - Deflect By Ryan Getzlaf. 16:51 of 1st period - Shot Misses the Net. 17:17 of 1st period - Shot by Andrei Svechnikov. 17:17 of 1st period - Goal by Andrei Svechnikov - BANFF WOLVES : 1 - SAN FRANCISCO SPIDERS : 1. 17:18 of 1st period - Roope Hintz wins face-off versus Nico Sturm in neutral zone. 17:20 of 1st period - Off-side. 17:21 of 1st period - Nico Sturm wins face-off versus Roope Hintz in neutral zone. 17:38 of 1st period - Icing by Roope Hintz. 17:39 of 1st period - Ryan Getzlaf wins face-off versus Roope Hintz in BANFF WOLVES zone. 17:51 of 1st period - Roope Hintz is hit by Tyler Wotherspoon and loses puck. 18:28 of 1st period - Shot by Tyler Ennis. 18:28 of 1st period - Shot Misses the Net. 18:40 of 1st period - Shot by Josh Archibald. 18:40 of 1st period - Shot Misses the Net. 18:50 of 1st period - Shot by Josh Archibald. 18:50 of 1st period - Stopped by Antti Niemi without a rebound. 18:51 of 1st period - Danton Heinen wins face-off versus Tyler Toffoli in SAN FRANCISCO SPIDERS zone. 19:24 of 1st period - Shot by Tyler Myers. 19:24 of 1st period - Stopped by Pavel Francouz with a rebound. 19:26 of 1st period - Shot by